 Dungeon Crawl Stone Soup version 0.22-a0-166-g5351223 (webtiles) character file.

170 Amnesiac the Magician (level 5, 0/35 HPs)
             Began as a Mummy Earth Elementalist on Feb 13, 2018.
             Slain by a worker ant (2 damage)
             ... on level 4 of the Dungeon.
             The game lasted 00:08:21 (3363 turns).

Amnesiac the Magician (Mummy Earth Elementalist)    Turns: 3363, Time: 00:08:22

Health: 0/35       AC:  7    Str: 12    XL:     5   Next: 26%
Magic:  0/9        EV: 12    Int: 15    God:
Gold:   140        SH:  0    Dex: 12    Spells: 0/10 levels left

rFire    x . .     SeeInvis .   a - +0 dagger
rCold    + . .     Gourm    .   (no shield)
rNeg     + + +     Faith    .   c - +0 robe
rPois    ∞         Spirit   .   p - +0 helmet
rElec    .         Reflect  .   (no cloak)
rCorr    .         Harm     .   e - +2 pair of gloves
MR       .....                  w - +0 pair of boots
Stlth    ++........             (no amulet)
HPRegen  0.11/turn              (no ring)
MPRegen  0.11/turn              (no ring)

@: no status effects
A: no food or potions, fire vulnerability, cold resistance 1, negative energy
resistance 3, torment resistance, unbreathing
a: no special abilities


You were on level 4 of the Dungeon.
You were not hungry.

You visited 1 branch of the dungeon, and saw 4 of its levels.

You collected 140 gold pieces.

Inventory:

Hand Weapons
 a - a +0 dagger (weapon)
 b - a +0 blowgun
Missiles
 s - 18 poisoned needles
 t - 38 stones (quivered)
Armour
 c - a +0 robe (worn)
 e - a +2 pair of gloves (worn)
 p - a +0 helmet (worn)
 w - a +0 pair of boots (worn)
Jewellery
 k - a cursed amulet of the gourmand {unknown}
 l - an uncursed ring of protection from fire {unknown}
 n - an uncursed amulet of the gourmand {unknown}
 r - an uncursed ring of magical power {unknown}
 y - an uncursed ring of see invisible {unknown}
Wands
 v - a wand of digging (19)
Scrolls
 f - 3 scrolls of remove curse {!r, unknown}
 g - a scroll of random uselessness {!r, unknown}
 h - 2 scrolls of blinking {!r, unknown}
 i - 3 scrolls of identify {!r, unknown}
 j - a scroll of magic mapping {!r, unknown}
 m - a scroll of amnesia {!r, unknown}
 o - 3 scrolls of teleportation {!r, unknown}
 q - a scroll of noise {!r, unknown}
 x - a scroll of fear {!r, unknown}
Books
 d - a book of Geomancy

   Spells                             Type                      Level
   a - Sandblast                      Earth                        1
   b - Passwall                       Transmutation/Earth          2
   c - Stone Arrow                    Conjuration/Earth            3
   d - Petrify                        Transmutation/Earth          4
   e - Lee's Rapid Deconstruction     Earth                        5
 u - a book of Frost

   Spells                             Type                      Level
   a - Freeze                         Ice                          1
   b - Throw Frost                    Conjuration/Ice              2
   c - Ozocubu's Armour               Charms/Ice                   3
   d - Throw Icicle                   Conjuration/Ice              4
   e - Summon Ice Beast               Ice/Summoning                4


   Skills:
 - Level 2.0 Short Blades
 - Level 1.5 Dodging
 - Level 2.0 Stealth
 - Level 3.0 Spellcasting
 * Level 0.0 Charms
 + Level 2.8 Transmutations
 * Level 0.0 Ice Magic
 - Level 3.0 Earth Magic


You couldn't memorise any spells.
You knew the following spells:

 Your Spells              Type           Power        Failure   Level  Hunger
a - Sandblast             Erth           ##....       6%          1    N/A
b - Passwall              Tmut/Erth      ##........   9%          2    N/A
c - Ozocubu's Armour      Chrm/Ice       #.......     52%         3    N/A
e - Petrify               Tmut/Erth      ##......     52%         4    N/A

Dungeon Overview and Level Annotations

Branches:
Dungeon (4/15)
 Temple: D:4-7

Altars:
Cheibriados
Qazlal
Sif Muna
Uskayaw


Innate Abilities, Weirdness & Mutations

You do not eat or drink.
Your flesh is vulnerable to fire.
You are immune to poison.
Your flesh is cold resistant. (rC+)
You are immune to negative energy. (rN+++)
You are immune to unholy pain and torment.
You can survive without breathing.


Message History

Casting: Sandblast (safe; 6% risk of failure)
Confirm with . or Enter, or press ? or * to list all spells.
Aiming: Sandblast (safe; 6% risk of failure)
Press: ? - help, Shift-Dir - straight line, f/p - worker ant
Aim: a worker ant (severely wounded)
The blast of sand misses the worker ant.
t - 42 stones The worker ant bites you but does no damage.
The worker ant bites you but does no damage.
Your magical contamination has completely faded away.
The worker ant closely misses you.
Casting: Sandblast (safe; 6% risk of failure)
Confirm with . or Enter, or press ? or * to list all spells.
Aiming: Sandblast (safe; 6% risk of failure)
Press: ? - help, Shift-Dir - straight line, f/p - worker ant
Aim: a worker ant (severely wounded)
The blast of sand hits the worker ant.
The worker ant is severely wounded.
t - 41 stones The worker ant closely misses you.
The worker ant barely misses you. The worker ant bites you.
* * * LOW HITPOINT WARNING * * *
Casting: Sandblast (safe; 6% risk of failure)
Confirm with . or Enter, or press ? or * to list all spells.
Aiming: Sandblast (safe; 6% risk of failure)
Press: ? - help, Shift-Dir - straight line, f/p - worker ant
Aim: a worker ant (severely wounded)
The blast of sand hits the worker ant.
The worker ant is severely wounded.
t - 40 stones The worker ant bites you but does no damage.
Casting: Sandblast (safe; 6% risk of failure)
Confirm with . or Enter, or press ? or * to list all spells.
You don't have enough magic to cast that spell.
The worker ant completely misses you.
Casting: Sandblast (safe; 6% risk of failure)
Confirm with . or Enter, or press ? or * to list all spells.
Aiming: Sandblast (safe; 6% risk of failure)
Press: ? - help, Shift-Dir - straight line, f/p - worker ant
Aim: a worker ant (severely wounded)
The blast of sand hits the worker ant.
The worker ant is severely wounded.
t - 39 stones The worker ant bites you!
* * * LOW HITPOINT WARNING * * *
The worker ant bites you.
* * * LOW HITPOINT WARNING * * *
Press: ? - help, v - describe, . - travel
Here: a worker ant (severely wounded)
The floor.
The worker ant bites you.
* * * LOW HITPOINT WARNING * * *
Okay, then.
Casting: Sandblast (safe; 6% risk of failure)
Confirm with . or Enter, or press ? or * to list all spells.
Aiming: Sandblast (safe; 6% risk of failure)
Press: ? - help, Shift-Dir - straight line, f/p - worker ant
Aim: a worker ant (severely wounded)
The blast of sand hits the worker ant.
The worker ant is severely wounded.
t - 38 stones The worker ant barely misses you.
The worker ant bites you.
You die...

.......#######
......>'.....#
.......#####.# ....... #%#
....... #.# ....... #.#
########## #.#
############........# #.#
#.........##..@a....# #.#
#.........##.#.###..# #.#
#.........##.#.# #..# #.#
#.........##.#.# #..# #.#
###.........##.#.# #..###.#
#...........##.#.###....#.#
#.##'#########.#......#.#.#
...#.# #.########.#.#
...#.#### #.# #..#.#


You could see a worker ant.

Vanquished Creatures
  A worker ant (D:3)
  Robin (D:2)
  3 adders
  An ooze (D:2)
  3 worms
  A dart slug (D:2)
  6 orcs
  12 bats
  5 giant cockroaches
  14 goblins
  12 hobgoblins
  3 jackals (D:1)
  2 frilled lizards
  12 kobolds
  4 rats
80 creatures vanquished.

Notes
Turn   | Place    | Note
-------+----------+-------------------------------------------
     0 | D:1      | Amnesiac the Mummy Earth Elementalist began the quest for the Orb.
     0 | D:1      | Reached XP level 1. HP: 13/13 MP: 4/4
   128 | D:1      | Reached XP level 2. HP: 7/19 MP: 1/5
   434 | D:2      | Learned a level 2 spell: Passwall
   473 | D:1      | Reached skill level 1 in Transmutations
   745 | D:1      | Reached XP level 3. HP: 8/24 MP: 3/7
  1244 | D:2      | Found a deep blue altar of Sif Muna.
  1251 | D:2      | Found a hide-covered altar of Uskayaw.
  1309 | D:2      | Found a stormy altar of Qazlal.
  1481 | D:2      | Found a snail-covered altar of Cheibriados.
  1484 | D:2      | Reached skill level 1 in Short Blades
  1513 | D:2      | Reached XP level 4. HP: 23/30 MP: 8/8
  1839 | D:2      | Noticed a water elemental
  1864 | D:2      | Noticed Robin
  1879 | D:2      | Killed Robin
  2091 | D:2      | Noticed an air elemental
  2094 | D:2      | Noticed an earth elemental
  2094 | D:2      | Noticed a fire elemental
  2519 | D:3      | Reached XP level 5. HP: 12/35 MP: 3/9
  3003 | D:4      | Learned a level 3 spell: Ozocubu's Armour
  3008 | D:4      | Learned a level 4 spell: Petrify
  3363 | D:4      | Slain by a worker ant

Vault maps used:
D:1:      saegor_arrival_simple_a
D:2:      kennysheep_slug_shrine, nicolae_qazlal_style_of_elements,
          grunt_temple_overflow_open, uniq_robin
D:3:      nicolae_overflow_hidden_temple
D:4:      chequers_temple_overflow_minitemple, first_ration, fountainhead,
          bloody_makhleb

Skill      XL: |  1  2  3  4  5 |
---------------+----------------+-----
Spellcasting   | 3 |  3.0
Earth Magic    | 3 |  3.0
Transmutations | 1 2 |  2.8
Stealth        | 2 |  2.0
Short Blades   | 1 2 |  2.0
Dodging        | |  1.5

Action                   |  1- 3 |  4- 6 || total
-------------------------+-------+-------++-------
Melee: Dagger            |   145 |   146 ||   291
       Unarmed           |     2 |       ||     2
 Fire: Hunting sling     |    69 |    23 ||    92
 Cast: Sandblast         |    22 |    42 ||    64
 Stab: Sleeping          |     3 |       ||     3
       Distracted        |       |     1 ||     1
Armor: Robe              |    79 |    46 ||   125
Dodge: Dodged            |   159 |   101 ||   260

Table legend:
 A = Spawn XP
 B = Non-spawn XP
 C = Spawn XP percentage of total XP
 D = Spawn monster count
 E = Non-spawn monster count
 F = Spawn count percentage of total count
 G = Total turns spent on level
                    A         B        C        D         E        F      G
               +---------+---------+-------+---------+---------+-------+---------
         Total |       0 |     244 |   0.0 |       0 |      80 |   0.0 |  3363
               +---------+---------+-------+---------+---------+-------+---------
           D:1 |       0 |      46 |   0.0 |       0 |      26 |   0.0 |  1121
           D:2 |       0 |      90 |   0.0 |       0 |      29 |   0.0 |  1176
           D:3 |       0 |      73 |   0.0 |       0 |      17 |   0.0 |   491
           D:4 |       0 |      35 |   0.0 |       0 |       8 |   0.0 |   575
               +---------+---------+-------+---------+---------+-------+---------
